Map: Catalyst LE

Players

GenRolly - Winner!

  • Race: Zerg Zerg
  • League: Diamond
  • Spawn Location: 5:00

Plasmid

  • Race: Zerg Zerg
  • League: Diamond
  • Spawn Location: 11:00

VOD

Have the link to the VOD?

Description

Burrowed Roach Harass

Time

  • Played on: April 4, 2018, 9:01 p.m.
  • Length: 12:47
Show
View Real Time Build Order
Export as new Build Order

GenRolly Zerg - Winner!

Build Orders: Hatch First, Lurkers 

Get SALT Encoding   

  12  0:01  Drone  
  13  0:10  Drone  
  14  0:18  Overlord  
  14  0:30  Extractor  
  14  0:31  Extractor, Drone x2  
  16  0:37  Drone  
  17  0:44  Drone  
  18  0:55  Drone  
  19  0:59  Extractor  
  19  1:03  Hatchery  
  17  1:18  Spawning Pool  
  16  1:19  Drone  
  17  1:26  Drone  
  18  1:41  Drone  
  18  1:42  Overlord  
  19  1:53  Drone  
  20  1:59  Drone  
  21  2:05  Queen  
  23  2:10  Zergling x2  
  24  2:18  Drone, Queen  
  27  2:23  Drone  
  27  2:26  Drone  
  29  2:37  Drone x2  
  29  2:41  Queen  
  29  2:43  Overlord  
  33  2:48  Spine Crawler  
  33  2:50  Zergling x2  
  33  2:56  Spine Crawler  
  32  2:58  Zergling x2  
  32  2:59  Zergling x2  
  32  3:05  Zergling x2  
  34  3:22  Drone x3  
  37  3:29  Drone x2  
  37  3:31  Lair  
  37  3:32  Extractor  
  39  3:37  Drone x2  
  39  3:38  Evolution Chamber  
  39  3:39  Spine Crawler  
  39  3:46  Drone x2  
  41  3:51  Overlord  
  41  3:52  Drone  
  41  4:02  Drone x2  
  42  4:05  Extractor  
  42  4:06  Zerg Missile Weapons Level 1  
  42  4:07  Extractor  
  40  4:23  Roach Warren  
  39  4:30  Drone x3  
  39  4:31  Drone x2  
  44  4:36  Overlord  
  44  4:51  Drone x3  
  47  4:55  Overlord  
  47  4:56  Overlord  
  47  5:04  Roach x2  
  51  5:08  Evolution Chamber  
  51  5:12  Burrow  
  50  5:14  Roach x2  
  50  5:15  Glial Reconstitution  
  50  5:17  Roach x5  
  50  5:21  Roach  
  66  5:52  Roach x5  
  76  5:58  Overlord  
  76  6:02  Hatchery  
  75  6:06  Zerg Ground Armor Level 1  
  75  6:07  Overlord x2  
  75  6:10  Extractor  
  76  6:25  Roach  
  76  6:26  Roach x3  
  82  6:33  Tunneling Claws  
  82  7:00  Roach  
  82  7:01  Roach x6  
  92  7:15  Roach x3  
  94  7:32  Roach x3  
  100  7:42  Overlord  
  100  7:43  Drone x2, Roach, Overlord x2  
  100  7:44  Drone x2, Roach x3  
  104  7:50  Roach x3  
  104  7:51  Roach  
  104  7:53  Roach x4  
  104  8:00  Roach x3  
  106  8:20  Roach x12  
  106  8:26  Drone x5  
  106  8:27  Drone x4  
  110  8:29  Extractor  
  110  8:31  Extractor  
  110  8:33  Hydralisk Den, Roach x5  
  118  8:40  Roach x11  
  118  8:49  Roach x4  
  118  8:53  Roach x2  
  118  8:55  Zerg Missile Weapons Level 2, Hatchery  
  117  8:56  Roach x2  
  117  8:57  Roach x4  
  129  9:13  Roach x3  
  129  9:15  Roach x2  
  129  9:16  Roach  
  125  9:26  Roach x2  
  125  9:27  Overlord x4  
  125  9:28  Overlord  
  125  9:30  Roach  
  129  9:36  Lurker Den  
  126  9:50  Roach  
  120  9:54  Drone x3  
  120  9:55  Drone x3  
  120  9:58  Drone x3  
  127  10:01  Hydralisk x7  
  127  10:04  Roach  
  139  10:26  Roach  
  139  10:27  Hydralisk x3  
  139  10:28  Hydralisk  
  147  10:29  Overlord x4  
  145  10:53  Hydralisk x4  
  145  10:54  Hydralisk x2  
  155  10:59  Roach x2  
  155  11:00  Roach x5  
  155  11:01  Roach  
  169  11:10  Roach x2  
  169  11:11  Roach x10  
  183  11:18  Roach x3  
  177  11:23  Roach  
  161  11:27  Hydralisk x3  
  163  11:41  Roach  
  163  11:49  Lurker x5  
  163  11:50  Lurker x9  
  177  12:09  Roach  
  177  12:10  Roach  
  177  12:11  Roach x3  
  177  12:12  Roach x5  
  177  12:15  Roach x2  
  177  12:16  Roach  
  177  12:17  Roach  
  177  12:18  Roach  
Show
View Real Time Build Order
Export as new Build Order

Plasmid Zerg 

Build Orders: Hatch First 

Get SALT Encoding   

  12  0:01  Drone  
  13  0:13  Overlord  
  13  0:20  Drone  
  14  0:31  Drone x2  
  16  0:36  Drone  
  17  0:46  Drone  
  18  0:58  Hatchery  
  18  1:01  Extractor  
  18  1:02  Drone  
  17  1:12  Drone  
  18  1:20  Spawning Pool  
  18  1:22  Drone  
  18  1:30  Drone  
  19  1:43  Overlord  
  19  2:08  Metabolic Boost  
  19  2:09  Queen  
  19  2:10  Queen  
  19  2:11  Zergling x6  
  19  2:15  Zergling x2  
  27  2:20  Drone  
  28  2:23  Drone  
  29  2:32  Baneling Nest, Drone  
  29  2:37  Overlord  
  29  2:43  Drone  
  30  2:44  Drone  
  31  2:54  Drone  
  31  2:55  Drone  
  33  3:04  Overlord  
  32  3:14  Drone x2  
  30  3:24  Drone x7  
  37  3:40  Zergling x2  
  37  3:41  Zergling x2  
  39  3:44  Hatchery  
  38  3:49  Spine Crawler  
  37  3:58  Zergling x8  
  41  4:03  Zergling x4  
  41  4:04  Zergling x2  
  41  4:08  Queen  
  46  4:11  Baneling x4  
  46  4:15  Overlord  
  46  4:36  Zergling x2  
  46  4:37  Zergling x10  
  52  4:52  Baneling  
  52  4:57  Drone x6, Roach Warren  
  52  4:58  Drone  
  56  5:26  Zergling x6  
  56  5:27  Zergling x2  
  57  5:28  Overlord  
  57  5:29  Overlord x5  
  49  5:46  Extractor, Roach  
  49  5:47  Roach x5  
  60  5:51  Queen  
  60  5:52  Drone x2  
  64  6:00  Roach  
  64  6:02  Roach x2  
  70  6:07  Roach  
  70  6:09  Spine Crawler  
  70  6:10  Spine Crawler  
  70  6:16  Roach x2  
  70  6:17  Roach x3  
  82  6:25  Roach  
  82  6:26  Roach x4  
  88  6:41  Roach x4  
  88  6:42  Roach  
  92  6:49  Drone x4  
  87  7:04  Spore Crawler  
  87  7:06  Spore Crawler  
  87  7:07  Spore Crawler  
  84  7:21  Roach x6  
  84  7:22  Roach  
  98  7:39  Overlord x3  
  98  7:40  Overlord x3  
  98  7:59  Lair  
  98  8:00  Roach  
  98  8:01  Roach x4  
  103  8:36  Drone x3  
  103  8:37  Drone x12  
  118  8:51  Evolution Chamber  
  118  8:53  Evolution Chamber  
  116  8:56  Overseer  
  116  9:00  Spore Crawler  
  116  9:01  Glial Reconstitution  
  117  9:03  Roach x4  
  117  9:06  Drone x3  
  123  9:31  Roach x5  
  129  9:32  Roach x5  
  129  9:33  Roach  
  138  9:56  Roach  
  138  9:57  Roach x3  
  146  10:33  Spine Crawler  
  146  10:34  Spine Crawler  
  142  10:39  Roach x2  
  142  10:42  Overlord x5  
  145  11:03  Overseer  
  141  11:17  Roach x5  
  141  11:18  Roach x4  
  91  11:29  Evolution Chamber  
  91  11:30  Evolution Chamber  
  69  11:46  Spire, Drone x2  
  70  11:48  Drone x4, Queen  
  76  11:54  Drone x3  
  79  12:04  Hatchery  
  78  12:24  Drone  
  78  12:25  Drone x2  
  81  12:30  Extractor  
  81  12:31  Extractor  
Tags
 
Composition
Lurkers
Matchup
ZvZ
Race
Zerg
Spawn Locations
Cross Positions
Add a new tag
Caveats
  • Supply blocks, unpowered buildings, or Contaminate may cause inaccurate times.
  • Supply counts are checked every 10 seconds.